 Dungeon Crawl Stone Soup version 0.27.1-33-g824d729ab1 (webtiles) character file.

Game seed: 8380752443991628690

84 Descartes the Ducker (level 4, -1/19 HPs)
             Began as a Felid Warper on Nov 28, 2021.
             Slain by a centaur (5 damage)
             ... on level 4 of the Dungeon.
             The game lasted 00:06:55 (3319 turns).

Descartes the Ducker (Felid Warper)                 Turns: 3319, Time: 00:06:56

Health: -1/19      AC:  1    Str:  8    XL:     4   Next: 24%
Magic:  3/8        EV: 19    Int: 15    God:
Gold:   115        SH:  0    Dex: 15    Spells: 4/7 levels left
                                        Lives:  0   Deaths: 1

rFire    . . .     SeeInvis +     - Unarmed
rCold    . . .     Faith    .   (shield unavailable)
rNeg     + . .     Spirit   .   (armour unavailable)
rPois    +         Reflect  .   (helmet unavailable)
rElec    .         Harm     .   (cloak unavailable)
rCorr    .         Rampage  .   (gloves unavailable)
Will     .....                  (boots unavailable)
Stlth    +.........             g - amulet of magic regeneration
HPRegen  0.06/turn              m - ring of poison resistance
MPRegen  0.36/turn              l - ring of positive energy

@: quick
A: very small, claws 1, fangs 3, see invisible, speed 1, shaggy fur 1, stealthy
paws, no weapons or thrown items, no armour, multi-lived
a: no special abilities


You were on level 4 of the Dungeon.
You visited 1 branch of the dungeon, and saw 4 of its levels.

You collected 115 gold pieces.

Inventory:

Missiles
 j - 17 stones
Jewellery
 g - an amulet of magic regeneration (around neck)
 l - a ring of positive energy (right paw)
 m - a ring of poison resistance (left paw)
Wands
 h - a wand of iceblast (5)
Scrolls
 a - a scroll of blinking
 b - 3 scrolls of torment {unknown}
 d - 4 scrolls of identify {unknown}
 e - 2 scrolls of magic mapping {unknown}
 f - a scroll of vulnerability {unknown}
 i - a scroll of fear {unknown}
 k - 2 scrolls of teleportation {unknown}
Potions
 c - a potion of curing


   Skills:
 - Level 2.0 Fighting
 - Level 5.0 Dodging
 + Level 3.9 Unarmed Combat
 - Level 2.0 Spellcasting
 - Level 4.4 Translocations
 - Level 2.0 Fire Magic


You had 4 spell levels left.
You knew the following spells:

 Your Spells              Type           Power      Damage    Failure   Level
a - Foxfire               Conj/Fire      16%        2x1d4     14%         1
b - Blink                 Tloc           N/A        N/A       5%          2

Your spell library contained the following spells:

 Spells                   Type           Power      Damage    Failure   Level
 Gell's Gravitas          Tloc           7%         N/A       11%         3
 Lesser Beckoning         Tloc           7%         N/A       11%         3
 Teleport Other           Tloc           14%        N/A       11%         3
 Animate Skeleton         Necr           2%         N/A       22%         1
 Pain                     Necr           4%         1d4       22%         1
 Conjure Flame            Conj/Fire      4%         6-21      41%         3
 Inner Flame              Hex/Fire       4%         N/A       41%         3
 Vampiric Draining        Necr           0%         2d6       54%         3
 Manifold Assault         Tloc           14%        N/A       71%         5


Dungeon Overview and Level Annotations

Branches:
Dungeon (4/15)
 Temple: D:4-7

Altars:
Hepliaklqana
Yredelemnul


Innate Abilities, Weirdness & Mutations

You have sharp claws.
You have razor-sharp teeth.
You have supernaturally acute eyesight. (SInv)
You cover ground quickly. (Speed+)
You are covered in fur. (AC +1)
Your paws help you pounce on unaware monsters.
You are incapable of wielding weapons or throwing items.
You cannot wear armour.
You gain extra lives every three experience levels.


Message History

The centaur misses you. x2
Casting: Foxfire (safe; 14% risk of failure)
Confirm with . or Enter, or press ? or * to list all spells.
You conjure some foxfire!
The foxfire hits the centaur but does no damage.
The centaur is heavily wounded.
The foxfire hits the centaur but does no damage.
The centaur is heavily wounded.
The centaur hits you. The centaur kicks you.
You are too injured to fight recklessly!
Casting: Foxfire (safe; 14% risk of failure)
Confirm with . or Enter, or press ? or * to list all spells.
You conjure some foxfire!
The foxfire hits the centaur.
The centaur is heavily wounded.
The foxfire hits the centaur but does no damage.
The centaur is heavily wounded.
The centaur misses you. The centaur closely misses you. The centaur hits you.
The centaur closely misses you.
Casting: Foxfire (safe; 14% risk of failure)
Confirm with . or Enter, or press ? or * to list all spells.
You conjure some foxfire!
The foxfire hits the centaur.
The centaur is severely wounded.
The centaur misses you. The centaur closely misses you.
Unknown command.
Casting: Foxfire (safe; 14% risk of failure)
Confirm with . or Enter, or press ? or * to list all spells.
You conjure some foxfire!
The foxfire hits the centaur but does no damage.
The centaur is severely wounded.
The foxfire hits the centaur.
The centaur is severely wounded.
The foxfire hits the centaur but does no damage.
The centaur is severely wounded.
The centaur misses you. The centaur closely misses you. The centaur hits you.
* * * LOW HITPOINT WARNING * * *
The centaur barely misses you.
Casting: Foxfire (safe; 14% risk of failure)
Confirm with . or Enter, or press ? or * to list all spells.
You conjure some foxfire!
The centaur hits you.
You die...

####........#
#..'.........
#.##.........
#.#..........
########.#..........
...................
###.####.#.#.###....
#.#.§v§......#.#
#....
#...v@vv.....#.#
#...#
###.#c####.#.#.#
#...# ....o. ..#.#.#
#####
##....######.#.#
#....# #.#.. #....#
#.. #....# #.....
#......#.#..#.##


You could see a centaur (ally target) and an orc priest.

Vanquished Creatures
  A hound (D:4)
  Natasha (D:2)
  5 adders
  3 worms (D:2)
  3 dart slugs
  3 orcs (D:4)
  5 ball pythons
  6 endoplasms
  3 giant cockroaches
  4 goblins
  2 hobgoblins (D:2)
  3 quokkas
  3 bats
  2 frilled lizards (D:2)
  5 kobolds
  3 rats (D:2)
52 creatures vanquished.

Vanquished Creatures (others)
  249 foxfires
249 creatures vanquished.

Grand Total: 301 creatures vanquished

Notes
Turn   | Place    | Note
-------+----------+-------------------------------------------
     0 | D:1      | Descartes the Felid Warper began the quest for the Orb.
     0 | D:1      | Reached XP level 1. HP: 9/9 MP: 4/4
   605 | D:1      | Found a faded altar of an unknown god.
   836 | D:1      | Learned a level 1 spell: Foxfire
  1047 | D:2      | Reached XP level 2. HP: 13/13 MP: 6/6
  1450 | D:2      | Reached skill level 4 in Dodging
  1484 | D:2      | Reached skill level 1 in Fire Magic
  1484 | D:2      | Reached XP level 3. HP: 16/16 MP: 3/7
  1570 | D:2      | Noticed Natasha
  1585 | D:2      | Killed Natasha
  1601 | D:2      | Noticed Natasha
  1943 | D:2      | Reached XP level 4. HP: 19/19 MP: 6/8
  2108 | D:2      | Learned a level 2 spell: Blink
  2895 | D:3      | Found a basalt altar of Yredelemnul.
  2895 | D:3      | Found a hazy altar of Hepliaklqana.
  3126 | D:4      | Reached skill level 5 in Dodging
  3126 | D:4      | Reached XP level 5. HP: 16/22 MP: 2/9
  3261 | D:4      | Noticed a centaur
  3279 | D:4      | Shot with an arrow by a centaur
  3280 | D:4      | Reached XP level 4. HP: -5/19 MP: 3/8
  3319 | D:4      | Slain by a centaur

Illustrated notes

Levels and vault maps discovered:
D:1:      nicolae_arrival_somewhat_less_tricky_arrival, layout_loops_ring,
          basic_ecumenical_altar
D:2:      layout_basic, corexii_corridor_pit, uniq_natasha
D:3:      layout_loops_ring, chequers_temple_overflow_statue_of_worship
D:4:      kennysheep_kobold_camp, layout_basic, fedhas_altar_decomposition,
          minitemple

Skill      XL: |  1  2  3  4 |
---------------+-------------+-----
Dodging        | 4 5 |  5.0
Fire Magic     | 1 2 |  2.0
Unarmed Combat | 3 |  3.9
Fighting       | |  2.0
Spellcasting   | |  2.0
Translocations | |  4.4

Action                   |  1- 3 |  4- 6 || total
-------------------------+-------+-------++-------
Melee: Unarmed           |    37 |     1 ||    38
       Bite              |     6 |       ||     6
 Cast: Foxfire           |    51 |    99 ||   150
  Use: Potion            |       |     1 ||     1
Armor: Skin              |     2 |       ||     2
Dodge: Dodged            |    28 |    29 ||    57
